 Dungeon Sprint DCSS version 0.18-a0-1788-g92de1ac (webtiles) character file.

534505 wvc the Heavyweight Champion (level 21, -16/262 (265) HPs)
             Began as a Troll Monk on Apr 19, 2016.
             Was the Champion of Cheibriados.
             Demolished by Antaeus (20 damage)
             ... in the Dungeon (Sprint IX: "|||||||||||||||||||||||||||||").
             The game lasted 00:42:23 (7594 turns).

wvc the Heavyweight Champion (Troll Monk)           Turns: 7594, Time: 00:42:25

HP:   -16/262 (265) AC: 30    Str: 40    XL:     21   Next: 74%
MP:   17/27         EV: 44    Int: 21    God:    Cheibriados [******]
Gold: 1336          SH: 35    Dex: 43    Spells: 0 memorised, 20 levels left

rFire  + . .     SeeInvis .       - Unarmed
rCold  + + .     Gourm    +     G - +0 gold dragon armour
rNeg   . . .     Faith    .     F - +3 large shield
rPois  +         Spirit   .     (helmet restricted)
rElec  .         Dismiss  .     u - +2 cloak {rPois}
rCorr  .         Reflect  .     (gloves unavailable)
SustAt .         Harm     .     (boots unavailable)
MR     +....     Clarity  +     y - amulet of regeneration
Stlth  .......... NoTele   +    z - +4 ring of evasion
                                o - +2 ring of protection

@: agile, lethally poisoned (-16 -> -19), flying (expiring), slowed, very slow,
somewhat resistant to hostile enchantments, extremely unstealthy
A: unfitting armour, claws 3, fangs 1, icy blue scales 1, thin skeletal
structure 1, agile 1, clarity, cold resistance 1, deformed body, deterioration
1, fast metabolism 3, gourmand, low mp 2, regeneration 2, shaggy fur 1, tough
skin 2, wild magic 1, no device heal 1
a: Bend Time, Temporal Distortion, Slouch, Step From Time, Renounce Religion
}: 9/15 runes: decaying, serpentine, barnacled, slimy, elven, silver, golden,
abyssal, gossamer


You were in the Dungeon.
You worshipped Cheibriados.
Cheibriados was exalted by your worship.
You were not hungry.

You visited 1 branch You collected 1539 gold pieces.
You spent 203 gold pieces at shops.

Inventory:

Hand Weapons
 a - a +9 demon whip of electrocution
 d - the +5 great mace of Destruction {drain, rPois rF- rN+++ MP+9}
   (You found it in the Dungeon)

   A truly terrible weapon, it drains the life of those it strikes.
   It makes you vulnerable to fire.
   It protects you from poison.
   It renders you almost immune to negative energy.
   It affects your magic capacity (+9).
 j - a +3 great mace of holy wrath
 w - a +5 giant spiked club
Missiles
 e - 12 curare-tipped needles
 A - 17 large rocks (quivered)
Armour
 u - a +2 cloak of poison resistance (worn)
 B - a +1 troll leather armour {Snorg}
 F - a +3 large shield (worn)
 G - a +0 gold dragon armour (worn)
Jewellery
 o - a +2 ring of protection (left claw)
 y - an amulet of regeneration (around neck)
 z - a +4 ring of evasion (right claw)
 E - an uncursed ring of resist corrosion
 H - the amulet "Ocham" {Spirit rC+ Dex+2}
   (You found it in the Dungeon)

   [amulet of guardian spirit]

   It causes incoming damage to be split between your health and magic.
   It affects your dexterity (+2).
   It protects you from cold.
 M - the ring of Sanijig {rF+ MR- Int+5 Slay+2}
   (You found it in the Dungeon)

   [ring of protection from fire]

   It affects your intelligence (+5).
   It affects your accuracy and damage with ranged weapons and melee attacks
   (+2).
   It protects you from fire.
   It affects your resistance to hostile enchantments.
Wands
 m - a wand of lightning (3/15)
 C - a wand of paralysis (8/24)
Scrolls
 h - 5 scrolls of blinking
 k - 6 scrolls of remove curse
 l - 2 scrolls of amnesia
 r - a scroll of fog
 J - 4 scrolls of fear
 K - 2 scrolls of recharging
 S - 2 scrolls of enchant weapon
Potions
 c - 10 potions of curing
 f - 2 potions of magic
 q - a potion of agility
 I - 2 potions of cure mutation
Comestibles
 b - 14 bread rations
 g - 32 fruits
 t - 14 meat rations


   Skills:
 O Level 27 Fighting
 + Level 11.9 Maces & Flails
 O Level 27 Throwing
 O Level 27 Armour
 O Level 27 Dodging
 - Level 1.1 Stealth
 O Level 27 Shields
 O Level 27 Unarmed Combat
 + Level 20.6 Invocations


You had 20 spell levels left.
You didn't know any spells.

Dungeon Overview and Level Annotations

Branches:
Dungeon (1/1)

Altars:
Cheibriados
Dithmenos
Elyvilon
Fedhas
Gozag
Kikubaaqudgha
Makhleb
Nemelex Xobeh
Okawaru
Pakellas
Qazlal
Ru
Sif Muna
Trog
Vehumet
Xom
Yredelemnul
Zin
The Shining One
Beogh
Jiyva
Lugonu

Shops:
D [*([

Annotations:
D Antaeus, Dispater, Gloorx Vloq


Innate Abilities, Weirdness & Mutations

You are too large for most types of armour.
You have claws for hands.
Your metabolism is lightning-fast.
You like to eat raw meat.
You heal very quickly.
You are covered in fur (AC +1).
You have very tough skin (AC +2).
You have very sharp teeth.
You are partially covered in icy blue scales (AC +1).
You have a somewhat thin skeletal structure (Dex +2, Stealth).
You are agile. (Dex +2)
You possess an exceptional clarity of mind.
Your flesh is cold resistant.
Armour fits poorly on your strangely shaped body.
Your body sometimes deteriorates upon taking damage.
Your magical capacity is very low (-20% MP).
Your spells are a little harder to cast, but a little more powerful.
Potions and wands are less effective at restoring your health.


Message History

You kill the Executioner! x3
You feel somewhat more hungry.
You are engulfed in dark miasma.
You feel your flesh rotting away!
* * * LOW HITPOINT WARNING * * *
You feel very sick. Antaeus closely misses you. You block Antaeus's attack.
You can feel time thicken for a moment.
You kill the hellion!
You feel somewhat more hungry.
You are starting to lose your buoyancy.
The ice encasing you melts away.
You feel very sick.
Gloorx Vloq gestures.
Gloorx Vloq gestures at you.
The foul vapour engulfs the Executioner.
The Executioner completely resists.
Dispater gestures.
Antaeus hits you!!!
* * * LOW HITPOINT WARNING * * *
Antaeus freezes you!! You resist.
You die...

▓.▓.▓.▓.▓)▓.▓)▓.▓)
▓.▓.▓.▓.▓)▓.▓†▓.▓)
▓§▓.▓.▓.▓.▓.▓[▓.▓)
▓§▓.▓'▓.▓.▓.▓.▓.▓.
▓§▓.▓.▓.▓.▓.▓.▓.▓.
▓§▓.▓.▓.▓.▓.▓.▓.▓.
▓§▓.▓.▓.▓'▓.▓†▓.▓.
▓§▓.▓.▓.▓.▓.▓.▓.▓[
▓@▓.▓.▓.▓.▓.▓.▓.▓)
▓C▓.▓.▓.▓.▓.▓.▓.▓.
▓&▓.▓.▓.▓.▓.▓.▓.▓.
▓1▓.▓.▓.▓.▓.▓.▓.▓.
▓&▓.▓.▓.▓.▓.▓.▓.▓.
▓1▓.▓)▓.▓.▓.▓.▓.▓.
▓1▓.▓.▓.▓.▓.▓†▓.▓.
▓.▓.▓.▓.▓.▓.▓.▓.▓.
▓.▓.▓.▓.▓.▓.▓.▓.


You could see Antaeus, Dispater, Gloorx Vloq and 3 Executioners.

Vanquished Creatures
  the Royal Jelly (D)
  Mnoleg (D)
  8 ancient liches (D)
  Mennas (D)
  3 orbs of fire (D)
  4 greater mummies (D)
  Frederick (D)
  Margery (D)
  A curse toe (D)
  Nikola (D)
  4 golden dragons (D)
  Geryon (D)
  Jory (D)
  4 tentacled monstrosities (D)
  4 electric golems (D)
  26 Orb Guardians (D)
  A lich (D)
  11 acid blobs (D)
  4 deep elf blademasters (D)
  10 shadow dragons (D)
  Frances (D)
  2 death cobs (D)
  Agnes (D)
  A tengu reaver (D)
  15 sphinxes (D)
  Ilsuiw (D)
  Kirke (D)
  3 draconian monks (D)
  6 greater nagas (D)
  5 storm dragons (D)
  6 azure jellies (D)
  Maud (D)
  Donald (D)
  A frost giant (D)
  2 emperor scorpions (D)
  2 vault wardens (D)
  Louise (D)
  2 draconian scorchers (D)
  A draconian zealot (D)
  2 draconian knights (D)
  A ghost moth (D)
  A draconian annihilator (D)
  An ironheart preserver (D)
  3 stone giants (D)
  3 very ugly things (D)
  A draconian caller (D)
  3 black draconians (D)
  4 green draconians (D)
  3 deep elf demonologists (D)
  4 vampire knights (D)
  3 deep elf annihilators (D)
  2 red draconians (D)
  4 white draconians (D)
  3 yellow draconians (D)
  5 merfolk javelineers (D)
  2 mottled draconians (D)
  3 purple draconians (D)
  3 deep elf death magi (D)
  A crystal guardian (D)
  4 death oozes (D)
  Snorg (D)
  2 ettins (D)
  5 mummy priests (D)
  25 vault guards (D)
  4 merfolk impalers (D)
  A deep elf high priest (D)
  5 fire dragons (D)
  3 entropy weavers (D)
  3 yaktaur captains (D)
  4 ice dragons (D)
  5 hydras (D)
  3 centaur warriors (D)
  3 naga warriors (D)
  Erica (D)
  4 merfolk aquamancers (D)
  A merfolk avatar (D)
  4 ogre magi (D)
  2 deep troll shamans (D)
  A vampire mage (D)
  An orc high priest (D)
  A deep troll earth mage (D)
  3 shock serpents (D)
  2 deep elf knights (D)
  A naga sharpshooter (D)
  A sun demon (D)
  Sonja (D)
  4 hell knights (D)
  A skeletal warrior (D)
  A fire crab (shapeshifter) (D)
  A sea snake (D)
  A naga ritualist (D)
  9 swamp dragons (D)
  A flayed ghost (D)
  A harpy (shapeshifter) (D)
  A deep elf archer (D)
  2 lindwurms (D)
  2 orb spiders (D)
  10 orc knights (D)
  A hill giant (D)
  2 ironbrand convokers (D)
  A mana viper (D)
  2 deep elf magi (D)
  2 necromancers (D)
  5 wolf spiders (D)
  3 griffons (D)
  A siren (D)
  A worldbinder (D)
  3 ugly things (D)
  2 manticores (D)
  A cyclops (D)
  A black mamba (D)
  2 naga magi (D)
  10 moths of wrath (D)
  A guardian serpent (D)
  A smoke demon (D)
  A vault sentinel (D)
  A freezing wraith (D)
  2 spiny frogs (D)
  A yaktaur (D)
  A spiny frog (shapeshifter) (D)
  2 komodo dragons (D)
  5 demonic crawlers (D)
  A wandering mushroom (D)
  2 ancient zymes (D)
  17 guardian mummies (D)
  A jumping spider (shapeshifter) (D)
  A troll (D)
  A queen bee (shapeshifter) (D)
  3 jumping spiders (D)
  3 giant leeches (D)
  2 slime creatures (D)
  2 snapping turtles (D)
  3 redbacks (D)
  12 spriggans (D)
  A wyvern (D)
  3 yaks (D)
  Grum (D)
  4 hippogriffs (D)
  A golden eye (D)
  3 vampire mosquitoes (D)
  A naga (D)
  A swamp worm (shapeshifter) (D)
  A giant eyeball (D)
  2 swamp drakes (D)
  3 porcupines (D)
  A sky beast (D)
  15 orc warriors (D)
  A wasp (D)
  An ice beast (D)
  An ogre (D)
  3 wolves (D)
  2 small abominations (D)
  A centaur (D)
  A crocodile (D)
  5 giant frogs (D)
  A killer bee (D)
  3 wights (D)
  A crimson imp (D)
  An orc wizard (D)
  A hound (D)
  5 orc priests (D)
  3 river rats (D)
  A shadow imp (D)
  An adder zombie (D)
  An adder skeleton (D)
  4 worms (D)
  An adder simulacrum (D)
  A giant gecko (D)
  10 orcs (D)
  A ball python (D)
  2 giant cockroaches (D)
  A hobgoblin (D)
  A ball python zombie (D)
  A giant newt (D)
  A kobold (D)
  A quokka skeleton (D)
512 creatures vanquished.

Vanquished Creatures (others)
  A spatial maelstrom (D)
  An unseen horror (D)
  A naga mage (D)
  A giant leech (D)
  2 humans (D)
  A naga (D)
7 creatures vanquished.

Grand Total: 519 creatures vanquished

Notes
Turn   | Place    | Note
--------------------------------------------------------------
     0 | D        | wvc the Troll Monk began the quest for the Orb.
     0 | D        | Reached XP level 1. HP: 22/22 MP: 0/0
     0 | D        | Banished a spatial maelstrom
     8 | D        | Reached skill level 5 in Unarmed Combat
    19 | D        | Noticed an ogre
    21 | D        | Reached XP level 2. HP: 29/29 MP: 1/1
    29 | D        | Killed an ogre
    29 | D        | Reached XP level 3. HP: 8/36 MP: 2/2
    29 | D        | Reached XP level 4. HP: 10/44 MP: 3/3
    35 | D        | Reached skill level 10 in Unarmed Combat
    95 | D        | Found a glowing silver altar of Zin.
    95 | D        | Found a glowing golden altar of the Shining One.
    95 | D        | Found an ancient bone altar of Kikubaaqudgha.
    95 | D        | Found a basalt altar of Yredelemnul.
    95 | D        | Found a shimmering altar of Xom.
    95 | D        | Found a radiant altar of Vehumet.
    96 | D        | Found an iron altar of Okawaru.
    97 | D        | Found a burning altar of Makhleb.
    98 | D        | Found a deep blue altar of Sif Muna.
    99 | D        | Found a bloodstained altar of Trog.
   100 | D        | Found a sparkling altar of Nemelex Xobeh.
   101 | D        | Found a white marble altar of Elyvilon.
   102 | D        | Found a roughly hewn altar of Beogh.
   103 | D        | Found a viscous altar of Jiyva.
   104 | D        | Found a corrupted altar of Lugonu.
   105 | D        | Found a blossoming altar of Fedhas.
   106 | D        | Found a snail-covered altar of Cheibriados.
   107 | D        | Found a shadowy altar of Dithmenos.
   108 | D        | Found a stormy altar of Qazlal.
   109 | D        | Found an opulent altar of Gozag.
   110 | D        | Found a sacrificial altar of Ru.
   111 | D        | Found an oddly glowing altar of Pakellas.
   116 | D        | Became a worshipper of Cheibriados the Contemplative
   116 | D        | Reached * piety under Cheibriados
   116 | D        | Reached ** piety under Cheibriados
   146 | D        | Noticed a giant frog
   146 | D        | Noticed an ice beast
   146 | D        | Noticed a centaur
   146 | D        | Noticed a sky beast
   149 | D        | Reached XP level 5. HP: 50/50 MP: 4/4
   159 | D        | Killed an ice beast
   159 | D        | Reached *** piety under Cheibriados
   159 | D        | Reached XP level 6. HP: 58/59 MP: 5/5
   166 | D        | Killed a sky beast
   166 | D        | Reached **** piety under Cheibriados
   170 | D        | Gained mutation: You have very sharp teeth. [mutagenic meat]
   171 | D        | Gained mutation: Your body sometimes deteriorates upon taking damage. [mutagenic meat]
   172 | D        | Gained mutation: You are weak. (Str -2) [mutagenic meat]
   173 | D        | Gained mutation: Armour fits poorly on your strangely shaped body. [mutagenic meat]
   204 | D        | Noticed a purple ugly thing
   204 | D        | Noticed a hippogriff
   206 | D        | Reached skill level 5 in Fighting
   206 | D        | Reached skill level 5 in Dodging
   206 | D        | Reached XP level 7. HP: 63/72 MP: 6/6
   215 | D        | Killed a purple ugly thing
   215 | D        | Reached ***** piety under Cheibriados
   231 | D        | Killed a hippogriff
   231 | D        | Reached XP level 8. HP: 41/88 MP: 7/7
   414 | D        | Reached ****** piety under Cheibriados
   414 | D        | Reached skill level 1 in Invocations
   423 | D        | Noticed a komodo dragon
   432 | D        | Killed a komodo dragon
   460 | D        | Noticed a spiny frog
   464 | D        | Killed a spiny frog
   464 | D        | Reached skill level 5 in Invocations
   464 | D        | Reached XP level 9. HP: 98/98 MP: 11/11
   466 | D        | Noticed a spiny frog
   473 | D        | Reached skill level 10 in Dodging
   482 | D        | Reached skill level 10 in Fighting
   485 | D        | Killed a spiny frog
   604 | D        | Noticed a giant leech
   604 | D        | Noticed a lindwurm
   604 | D        | Noticed a giant leech
   610 | D        | Killed a giant leech
   620 | D        | Noticed a lindwurm
   623 | D        | Killed a lindwurm
   623 | D        | Reached XP level 10. HP: 56/111 MP: 14/14
   645 | D        | Killed a lindwurm
   816 | D        | Noticed Grum
   823 | D        | Killed Grum
   967 | D        | Noticed an orc knight
   976 | D        | Killed an orc knight
   996 | D        | Noticed an orc high priest
  1048 | D        | Killed an orc high priest
  1058 | D        | Found Vohih's Antique Armour Emporium.
  1058 | D        | Noticed an orc knight
  1067 | D        | Killed an orc knight
  1075 | D        | Noticed an orc knight
  1089 | D        | Killed an orc knight
  1089 | D        | Reached XP level 11. HP: 68/124 MP: 16/16
  1214 | D        | Found Tegh's General Store.
  1238 | D        | Found Fuborr's Weapon Emporium.
  1242 | D        | Found Yskusuus's Armour Shoppe.
  1244 | D        | Noticed an orc knight
  1245 | D        | Noticed an orc knight
  1251 | D        | Noticed an orc knight
  1255 | D        | Killed an orc knight
  1256 | D        | Noticed an orc knight
  1265 | D        | Killed an orc knight
  1269 | D        | Killed an orc knight
  1270 | D        | Noticed an orc knight
  1277 | D        | Killed an orc knight
  1283 | D        | Killed an orc knight
  1398 | D        | Bought a +2 cloak of poison resistance for 203 gold pieces
  1594 | D        | Noticed a skeletal warrior
  1594 | D        | Noticed a deep elf mage
  1594 | D        | Noticed a hill giant
  1594 | D        | Noticed a centaur warrior
  1597 | D        | Killed a deep elf mage
  1602 | D        | Noticed a five-headed hydra
  1605 | D        | Killed a skeletal warrior
  1606 | D        | Killed a centaur warrior
  1607 | D        | Noticed a stone giant
  1607 | D        | Killed a hill giant
  1611 | D        | Killed a five-headed hydra
  1611 | D        | Reached skill level 15 in Dodging
  1619 | D        | Killed a stone giant
  1630 | D        | Reached skill level 1 in Maces & Flails
  1768 | D        | Noticed an ettin
  1769 | D        | Noticed an ice dragon
  1770 | D        | Noticed a green very ugly thing
  1774 | D        | Killed an ettin
  1776 | D        | Noticed a yaktaur captain
  1777 | D        | Noticed a harpy
  1785 | D        | Killed a green very ugly thing
  1785 | D        | Reached XP level 12. HP: 111/140 MP: 17/17
  1786 | D        | Noticed a fire dragon
  1787 | D        | Killed an ice dragon
  1787 | D        | Reached skill level 15 in Fighting
  1796 | D        | Killed a yaktaur captain
  1814 | D        | Killed a fire dragon
  1934 | D        | Noticed Snorg
  1936 | D        | Noticed Sonja
  1944 | D        | Killed Snorg
  1949 | D        | Paralysed by Sonja for 5 turns
  1954 | D        | Killed Sonja
  2019 | D        | Noticed Frances
  2037 | D        | Killed Frances
  2096 | D        | Noticed Maud
  2109 | D        | Killed Maud
  2138 | D        | Noticed a merfolk impaler
  2139 | D        | crauler: на кой тебе дубина?
  2139 | D        | wvc: а как принято гидр убивать троллем?
  2139 | D        | wvc: просто яхз, не играл троллями много
  2143 | D        | Noticed a merfolk avatar
  2152 | D        | Killed a merfolk impaler
  2161 | D        | Killed a merfolk avatar
  2168 | D        | Reached XP level 13. HP: 118/154 MP: 16/18
  2220 | D        | Goblin1989: не, в общем-то верно. Дубиночка нужна.
  2391 | D        | Reached skill level 1 in Armour
  2512 | D        | Noticed Erica
  2516 | D        | Killed Erica
  2527 | D        | Noticed Donald
  2552 | D        | Killed Donald
  2611 | D        | Noticed a white very ugly thing
  2611 | D        | Noticed a tengu reaver
  2611 | D        | Noticed a green very ugly thing
  2631 | D        | Killed a white very ugly thing
  2638 | D        | Killed a tengu reaver
  2650 | D        | Killed a green very ugly thing
  2690 | D        | Gained mutation: You possess an exceptional clarity of mind. [mutagenic meat]
  2691 | D        | Gained mutation: You regenerate. [mutagenic meat]
  2692 | D        | Gained mutation: You are agile. (Dex +2) [mutagenic meat]
  2693 | D        | Lost mutation: You are weak. (Str -2) [mutagenic meat]
  2695 | D        | Gained mutation: Your magical capacity is low (-10% MP). [mutagenic meat]
  2698 | D        | Gained mutation: Your spells are a little harder to cast, but a little more powerful. [mutagenic meat]
  2740 | D        | Noticed a frost giant
  2743 | D        | Reached XP level 14. HP: 164/167 MP: 17/17
  2753 | D        | Killed a frost giant
  2845 | D        | Noticed an ironheart preserver
  2852 | D        | Reached skill level 5 in Armour
  2865 | D        | Killed an ironheart preserver
  2880 | D        | Noticed a stone giant
  2883 | D        | Noticed a storm dragon
  2894 | D        | Noticed a vault warden
  2896 | D        | Killed a stone giant
  2908 | D        | Killed a storm dragon
  2920 | D        | Killed a vault warden
  2985 | D        | Reached skill level 1 in Throwing
  3053 | D        | Noticed Agnes
  3066 | D        | Killed Agnes
  3303 | D        | Noticed Frederick
  3316 | D        | Killed Frederick
  3325 | D        | Noticed Nikola
  3339 | D        | Killed Nikola
  3381 | D        | Noticed Ilsuiw
  3393 | D        | Reached XP level 15. HP: 143/180 MP: 2/18
  3401 | D        | Killed Ilsuiw
  3422 | D        | Reached skill level 15 in Shields
  3457 | D        | Got a barnacled rune of Zot
  3497 | D        | Killed a ghost moth
  3560 | D        | Got a gossamer rune of Zot
  3669 | D        | Got a decaying rune of Zot
  3676 | D        | Noticed a greater naga
  3677 | D        | Noticed a greater naga
  3678 | D        | Noticed a greater naga
  3686 | D        | Noticed a greater naga
  3687 | D        | Noticed a greater naga
  3698 | D        | Killed a greater naga
  3701 | D        | Killed a greater naga
  3707 | D        | Killed a greater naga
  3707 | D        | Reached skill level 15 in Unarmed Combat
  3711 | D        | Noticed a greater naga
  3714 | D        | Killed a greater naga
  3718 | D        | Killed a greater naga
  3726 | D        | Killed a greater naga
  3734 | D        | Got a serpentine rune of Zot
  3812 | D        | Noticed Kirke
  3813 | D        | Noticed a sphinx
  3814 | D        | Paralysed by a sphinx for 2 turns
  3833 | D        | Killed Kirke
  3862 | D        | Noticed Jory
  3879 | D        | Killed Jory
  3943 | D        | Reached XP level 16. HP: 192/192 MP: 19/19
  3958 | D        | Reached skill level 10 in Armour
  4088 | D        | Noticed a sphinx
  4088 | D        | Noticed a sphinx
  4113 | D        | Killed a sphinx
  4121 | D        | Killed a sphinx
  4148 | D        | Noticed a shadow dragon
  4154 | D        | Noticed a shadow dragon
  4161 | D        | Killed a shadow dragon
  4173 | D        | Killed a shadow dragon
  4215 | D        | Noticed Mnoleg
  4253 | D        | Killed Mnoleg
  4311 | D        | Noticed a shadow dragon
  4311 | D        | Noticed a shadow dragon
  4311 | D        | Noticed a shadow dragon
  4311 | D        | Noticed a sphinx
  4311 | D        | Noticed a shadow dragon
  4320 | D        | Noticed a shadow dragon
  4323 | D        | Noticed an ancient lich
  4326 | D        | Killed a shadow dragon
  4328 | D        | Noticed a shadow dragon
  4334 | D        | Goblin1989: тебе на обратную-то дорогу еды хватит?
  4335 | D        | Killed an ancient lich
  4335 | D        | Reached XP level 17. HP: 120/206 MP: 9/20
  4364 | D        | Got a silver rune of Zot
  4366 | D        | Got a smoking graven amulet
  4369 | D        | Identified the amulet of Qearay {Spirit Fragile +Inv rPois} (You found it in the Dungeon)
  4418 | D        | Got an encrusted blowgun
  4419 | D        | Identified the cursed +1 blowgun of the Warrior {speed, rN+} (You found it in the Dungeon)
  4456 | D        | Noticed Margery
  4469 | D        | Killed Margery
  4484 | D        | Reached skill level 27 in Unarmed Combat
  4525 | D        | Noticed Louise
  4537 | D        | Killed Louise
  4553 | D        | Noticed Mennas
  4561 | D        | Killed Mennas
  4592 | D        | Got the amulet "Ocham" {Spirit rC+ Dex+2}
  4594 | D        | Got the ring of Sanijig {rF+ MR- Int+5 Slay+2}
  4596 | D        | Got the amulet "Wuiskip" {Gourm rPois Int-2 Dex+4}
  4598 | D        | Got the amulet of Lez Ihui {Spirit Str+4 Int+4}
  4600 | D        | Got the amulet of Qicwigub {+Blink +Rage}
  4722 | D        | Got the +5 great mace of Destruction {drain, rPois rF- rN+++ MP+9}
  4872 | D        | Noticed a golden dragon
  4872 | D        | Noticed a golden dragon
  4878 | D        | Killed a golden dragon
  4898 | D        | Killed a golden dragon
  4973 | D        | Noticed a tentacled monstrosity
  4976 | D        | Killed a tentacled monstrosity
  4998 | D        | Reached XP level 18. HP: 210/218 MP: 21/21
  5096 | D        | Noticed a curse toe
  5102 | D        | Killed a curse toe
  5104 | D        | Noticed a tentacled monstrosity
  5116 | D        | Killed a tentacled monstrosity
  5268 | D        | Noticed an Orb Guardian
  5268 | D        | Noticed an Orb Guardian
  5268 | D        | Noticed an Orb Guardian
  5268 | D        | Noticed an Orb Guardian
  5268 | D        | Noticed an Orb Guardian
  5268 | D        | Noticed an Orb Guardian
  5273 | D        | Noticed an Orb Guardian
  5275 | D        | Killed an Orb Guardian
  5277 | D        | Killed an Orb Guardian
  5289 | D        | Killed an Orb Guardian
  5293 | D        | Killed an Orb Guardian
  5295 | D        | Killed an Orb Guardian
  5300 | D        | Killed an Orb Guardian
  5308 | D        | Killed an Orb Guardian
  5316 | D        | Noticed an Orb Guardian
  5317 | D        | Noticed an Orb Guardian
  5321 | D        | Killed an Orb Guardian
  5328 | D        | Killed an Orb Guardian
  5329 | D        | Noticed an Orb Guardian
  5333 | D        | Killed an Orb Guardian
  5340 | D        | Noticed an Orb Guardian
  5340 | D        | Noticed an Orb Guardian
  5340 | D        | Noticed a golden dragon
  5354 | D        | Killed an Orb Guardian
  5363 | D        | Killed an Orb Guardian
  5364 | D        | Noticed an Orb Guardian
  5375 | D        | Killed a golden dragon
  5381 | D        | Noticed an Orb Guardian
  5381 | D        | Killed an Orb Guardian
  5381 | D        | Reached XP level 19. HP: 193/244 MP: 22/22
  5410 | D        | Noticed an ancient lich
  5414 | D        | Killed an ancient lich
  5414 | D        | Reached skill level 27 in Fighting
  5416 | D        | Noticed an orb of fire
  5418 | D        | Lost mutation: You regenerate. [an orb of fire]
  5429 | D        | Killed an orb of fire
  5432 | D        | Noticed an electric golem
  5443 | D        | Killed an electric golem
  5511 | D        | Noticed an electric golem
  5512 | D        | Noticed an orb of fire
  5513 | D        | Noticed an orb of fire
  5528 | D        | Killed an orb of fire
  5530 | D        | Noticed a golden dragon
  5533 | D        | Killed an orb of fire
  5535 | D        | Noticed an electric golem
  5546 | D        | Killed an electric golem
  5553 | D        | Killed an electric golem
  5556 | D        | Killed a golden dragon
  5564 | D        | Noticed an electric golem
  5580 | D        | Killed an electric golem
  5673 | D        | Reached XP level 20. HP: 232/256 MP: 23/23
  5761 | D        | Noticed an ancient lich
  5761 | D        | Noticed an ancient lich
  5761 | D        | Noticed an ancient lich
  5768 | D        | Noticed an ancient lich
  5769 | D        | Killed an ancient lich
  5775 | D        | Killed an ancient lich
  5776 | D        | Noticed an ancient lich
  5778 | D        | Killed an ancient lich
  5792 | D        | Noticed an ancient lich
  5795 | D        | Paralysed by something for 6 turns
  5812 | D        | Killed an ancient lich
  5816 | D        | Killed an ancient lich
  5816 | D        | Reached skill level 27 in Dodging
  5821 | D        | Killed an ancient lich
  5821 | D        | Reached skill level 27 in Armour
  6012 | D        | Noticed a Tzitzimitl
  6054 | D        | Got an elven rune of Zot
  6197 | D        | Noticed the Royal Jelly
  6228 | D        | Killed the Royal Jelly
  6228 | D        | Reached XP level 21. HP: 239/265 MP: 24/24
  6247 | D        | Paralysed by a giant eyeball for 2 turns
  6272 | D        | Got a slimy rune of Zot
  6387 | D        | Reached skill level 27 in Shields
  6401 | D        | Reached skill level 27 in Throwing
  6403 | D        | Reached skill level 5 in Maces & Flails
  6412 | D        | Reached skill level 10 in Maces & Flails
  6417 | D        | Paralysed by a sphinx for 2 turns
  6420 | D        | Goblin1989: я бы инво прокачал
  6425 | D        | wvc: но зачем?
  6516 | D        | Goblin1989: урон от волн побольше будет
  6530 | D        | Reached skill level 10 in Invocations
  6964 | D        | Noticed a greater mummy
  6964 | D        | Noticed a greater mummy
  6964 | D        | Noticed a greater mummy
  6975 | D        | Killed a greater mummy
  6982 | D        | Noticed a greater mummy
  6987 | D        | Killed a greater mummy
  6990 | D        | Noticed a greater mummy
  7005 | D        | HP: 10/265 [??? (7)]
  7007 | D        | Killed a greater mummy
  7204 | D        | Noticed a greater mummy
  7219 | D        | Killed a greater mummy
  7386 | D        | Got a golden rune of Zot
  7421 | D        | Got an abyssal rune of Zot
  7564 | D        | Noticed Geryon
  7571 | D        | Killed Geryon
  7575 | D        | Gained mutation: Potions and wands are less effective at restoring your health. [potion of mutation]
  7575 | D        | Gained mutation: You are partially covered in icy blue scales (AC +1). [potion of mutation]
  7576 | D        | Gained mutation: You have a somewhat thin skeletal structure (Dex +2, Stealth). [potion of mutation]
  7576 | D        | Gained mutation: Your magical capacity is very low (-20% MP). [potion of mutation]
  7576 | D        | Gained mutation: Your flesh is cold resistant. [potion of mutation]
  7577 | D        | Noticed Antaeus
  7577 | D        | Noticed Dispater
  7578 | D        | Noticed Gloorx Vloq
  7594 | D        | HP: 4/262 [Antaeus (41)]
  7594 | D        | Demolished by Antaeus

Vault maps used:
D:        linesprint

Skill      XL: |  1  2  3  4  5  6  7  8  9 10 11 12 13 14 15 16 17 18 19 20 21 |
---------------+----------------------------------------------------------------+-----
Unarmed Combat | 5 9 10 13 17 25 27 | 27.0
Fighting       | 5 7 9 10 12 14 16 17 19 21 22 26 27 | 27.0
Dodging        | 5 8 9 11 13 16 18 20 21 27 | 27.0
Invocations    | 5 7 9 20 | 20.6
Maces & Flails | 1 2 11 | 11.9
Armour         | 2 6 9 13 21 26 27 | 27.0
Shields        | 9 13 19 25 27 | 27.0
Throwing       | 2 26 27 | 27.0
Stealth        | |  1.1

Action                   |  1- 3 |  4- 6 |  7- 9 | 10-12 | 13-15 | 16-18 | 19-21 || total
-------------------------+-------+-------+-------+-------+-------+-------+-------++-------
Melee: Unarmed           |    17 |    24 |    83 |   232 |   543 |   550 |   510 ||  1959
       Punch             |       |     2 |     9 |    28 |    13 |       |       ||    52
       Bite              |       |       |    21 |    56 |   135 |   139 |   107 ||   458
       Giant spiked club |       |       |       |     2 |       |       |       ||     2
 Fire: Blowgun           |       |       |       |     3 |       |       |       ||     3
Throw: Large rock        |       |       |       |     3 |     1 |       |       ||     4
Invok: Slouch            |       |       |       |     5 |    16 |    10 |    11 ||    42
       Step From Time    |       |       |       |       |       |       |     1 ||     1
Evoke: Wand              |       |       |       |       |     4 |       |       ||     4
  Use: Potion            |       |       |       |     4 |     5 |     7 |    10 ||    26
       Scroll            |       |       |       |       |     7 |     8 |     3 ||    18
 Stab: Distracted        |       |       |       |     1 |     1 |       |       ||     2
       Confused          |       |       |       |       |     1 |       |       ||     1
       Sleeping          |       |       |       |       |     1 |       |       ||     1
  Eat: Chunk             |       |    11 |       |    11 |    20 |     7 |     6 ||    55
       Fruit             |       |       |       |       |       |     8 |       ||     8
Armor: Robe              |       |     7 |     9 |    15 |     1 |       |       ||    32
       Troll leather arm |       |       |       |       |    14 |       |       ||    14
       Gold dragon armou |       |       |       |       |    20 |    30 |    70 ||   120
Dodge: Dodged            |     7 |     9 |    64 |   194 |   384 |   160 |   164 ||   982
Block: Shield            |       |       |       |       |    64 |       |       ||    64
       Reflection        |       |       |       |       |     4 |       |       ||     4
       Large shield      |       |       |       |       |   341 |   382 |   412 ||  1135
